[Event "Condigne Dutch Open 2018"]
[Site "Dieren"]
[Date "2018.07.31"]
[Round "7"]
[White "Zwirs, Nico"]
[Black "Warmerdam, Max"]
[Result "1/2-1/2"]
[ECO "B54"]
[WhiteElo "2386"]
[BlackElo "2424"]
[Annotator "NA"]
[PlyCount "39"]
[EventDate "2018.07.24"]
[EventType "swiss"]
[EventCountry "NED"]
[SourceTitle "playchess.com"]
[Source "ChessBase"]
[SourceQuality "1"]
[TimeControl "40/5400+30:1800+30"]

1. e4 c5 2. Nc3 Nc6 3. Nf3 d6 4. Bb5 Bd7 5. Bxc6 Bxc6 6. d4 cxd4 {[%emt 0:02:00] LiveBook: 51 Games} 7. Nxd4 Nf6 {[%emt 0:09:55] B54: Sizilianisch (Rauser Anti-Drachen-Variante)} 8. Qf3 Nd7 $146 ({Vorgänger:} 8... Bd7 9. Bg5 Ng4 10. O-O-O Rc8 11. Nd5 Ne5 12. Qe2 f6 13. Be3 e6 14. Nf4 Kf7 15. Kb1 {1-0 (84) Oreopoulos,K (2451)-Fischer,W (2491) ICCF email 2013}) 9. O-O g6 10. Bg5 Bg7 11. Rad1 O-O 12. Qh3 Re8 13. Nxc6 bxc6 14. Rxd6 $1 Qa5 15. Rxd7 Qxg5 16. Qd3 (16. Na4 $16) 16... Qa5 $1 17. Qc4 Rab8 18. Nd1 $11 Bxb2 19. Nxb2 Rxb2 20. Qxc6 1/2-1/2

[Event "Condigne Dutch Open 2018"]
[Site "Dieren"]
[Date "2018.07.31"]
[Round "7"]
[White "Miedema, David"]
[Black "Van Roon, Sjoerd"]
[Result "1-0"]
[ECO "B01"]
[WhiteElo "2370"]
[BlackElo "2100"]
[Annotator "NA"]
[PlyCount "69"]
[EventDate "2018.07.24"]
[EventType "swiss"]
[EventCountry "NED"]
[SourceTitle "playchess.com"]
[Source "ChessBase"]
[SourceQuality "1"]
[TimeControl "40/5400+30:1800+30"]

1. e4 d5 2. exd5 Qxd5 3. Nc3 Qa5 4. Bc4 Nf6 5. d3 c6 6. Bd2 Qc7 7. Qe2 Bg4 {[%emt 0:02:02] B01: Scandinavian Defence} (7... Bf5 8. h3 h5 9. Nf3 Nbd7 10. O-O Nb6 11. Bb3 Nbd5 12. Nxd5 Nxd5 13. Nd4 Bd7 14. Bxd5 cxd5 15. c4 dxc4 16. dxc4 {½-½ (48) Efimenko,Z (2651)-Kryvoruchko,Y (2659) Kiev 2013}) 8. f3 Bf5 9. g4 Bg6 10. f4 h5 11. f5 Bh7 12. g5 Nd5 13. Qe4 e6 (13... Nd7 $16) 14. g6 ({Weaker is} 14. Bxd5 Bxf5 15. Qe3 cxd5 $17) 14... fxg6 15. fxg6 Nxc3 16. Bxc3 Bg8 $146 17. Bxe6 Qe7 18. Bxg8 Qxe4+ 19. dxe4 Rxg8 20. O-O-O Nd7 21. Nh3 O-O-O 22. Nf4 h4 23. e5 Re8 24. Rde1 Nc5 25. Rhg1 Be7 26. Nh5 Ne6 27. Nf6 gxf6 28. exf6 Bc5 29. Rg4 Nf4 30. Rxe8+ Rxe8 31. Rxf4 Be3+ 32. Bd2 Bxf4 33. Bxf4 Kd7 34. f7 Kc8 35. fxe8=Q# 1-0

[Event "Condigne Dutch Open 2018"]
[Site "Dieren"]
[Date "2018.07.31"]
[Round "7"]
[White "Geurink, Jasper"]
[Black "De Jong, Tom"]
[Result "1-0"]
[ECO "B31"]
[WhiteElo "2348"]
[BlackElo "2201"]
[Annotator "NA"]
[PlyCount "71"]
[EventDate "2018.07.24"]
[EventType "swiss"]
[EventCountry "NED"]
[SourceTitle "playchess.com"]
[Source "ChessBase"]
[SourceQuality "1"]
[TimeControl "40/5400+30:1800+30"]

1. e4 c5 2. Nf3 Nc6 3. Bb5 g6 4. Bxc6 dxc6 5. d3 Bg7 6. Nc3 Bg4 {[%emt 0:04:11] B31: Sizilianisch (Rossolimo-Variante)} (6... Nf6 7. h3 O-O 8. Be3 b6 9. Qd2 e5 10. Bh6 Qd6 11. O-O-O b5 12. Ne2 a5 13. Bxg7 Kxg7 14. h4 h5 15. Ng5 Ng4 16. Rdf1 f6 17. Nh3 Be6 {1-0 (46) Papp,G (2597)-Horvath,P (2424) Ajka 2018}) 7. h3 Bxf3 8. Qxf3 e6 9. Bd2 $146 ({Vorgänger:} 9. O-O Ne7 10. Bg5 O-O 11. Bf6 Bxf6 12. Qxf6 Nc8 13. Qf4 f6 14. Qg4 {0-1 (45) Zenhom,T (2282)-Chahrani,I (2209) Tripoli 2017}) 9... Ne7 10. g4 Qd7 11. Qe2 O-O-O 12. h4 f5 13. O-O-O h6 14. Kb1 Rhf8 15. f3 b6 16. Bc1 Rf7 17. gxf5 gxf5 18. Rhg1 Rdf8 {[%emt 0:06:53] [#]} ({Besser ist} 18... Bd4 $14) 19. Rxg7 $1 Rxg7 20. Bxh6 Rfg8 $16 21. Bxg7 Rxg7 22. h5 Qd6 23. Rh1 b5 24. a3 b4 25. Na4 c4 26. dxc4 bxa3 27. Qd3 Qb4 28. Qb3 Qxb3 29. cxb3 axb2 30. Nc5 e5 31. Ne6 Rg3 32. exf5 Nxf5 33. h6 Rg8 34. h7 Rh8 35. Ng5 Nd6 36. c5 1-0

[Event "Condigne Dutch Open 2018"]
[Site "Dieren"]
[Date "2018.07.31"]
[Round "7"]
[White "Wiersma, Eelke"]
[Black "Go, Benjamin"]
[Result "1-0"]
[ECO "B09"]
[WhiteElo "2346"]
[BlackElo "2162"]
[Annotator "NA"]
[PlyCount "59"]
[EventDate "2018.07.24"]
[EventType "swiss"]
[EventCountry "NED"]
[SourceTitle "playchess.com"]
[Source "ChessBase"]
[SourceQuality "1"]
[TimeControl "40/5400+30:1800+30"]

1. e4 d6 2. d4 Nf6 3. Nc3 g6 4. f4 Bg7 5. Bd3 O-O 6. Nf3 Na6 7. O-O c5 8. d5 Nc7 9. a4 Rb8 10. Bc4 a6 11. a5 Nd7 12. Qe1 b5 13. axb6 Nxb6 14. Bd3 e6 15. dxe6 Bxe6 16. f5 Bc4 17. Qg3 Re8 18. Bf4 $16 Bf8 19. Ng5 Nb5 20. fxg6 fxg6 21. Bxc4+ Nxc4 22. Qd3 Nxc3 23. Qxc4+ d5 24. Qxc3 Bg7 25. Qh3 Bd4+ 26. Kh1 Rb7 27. Ne6 Qf6 28. exd5 Rf7 29. c3 Be5 30. Qd3 1-0

[Event "Condigne Dutch Open 2018"]
[Site "Dieren"]
[Date "2018.07.31"]
[Round "7"]
[White "Maris, Ivo"]
[Black "Ojas Kulkarni"]
[Result "1-0"]
[ECO "A00"]
[WhiteElo "2342"]
[BlackElo "2226"]
[Annotator "NA"]
[PlyCount "55"]
[EventDate "2018.07.24"]
[EventType "swiss"]
[EventCountry "NED"]
[SourceTitle "playchess.com"]
[Source "ChessBase"]
[SourceQuality "1"]
[TimeControl "40/5400+30:1800+30"]

1. b4 e5 2. a3 g6 3. Bb2 Bg7 4. h4 d6 5. h5 Bg4 6. f3 Bf6 7. g3 e4 8. Bxf6 (8. Nc3 $14 exf3 9. exf3) 8... Qxf6 9. Nc3 e3 $2 (9... exf3 $11 10. exf3 Be6) 10. Nd5 exd2+ 11. Kxd2 Qe5 12. Nxc7+ Kd7 13. Nxa8 Nf6 14. Rb1 $18 Rc8 15. Rb3 Nc6 16. Rd3 Nd4 17. c3 Nb5 18. Qb3 Be6 19. Bh3 Ng4 20. Bxg4 f5 21. f4 Qe4 22. Qa4 Qxh1 23. Qxb5+ Ke7 24. Bf3 Qxg1 25. Qxb7+ Kf8 26. h6 Rxc3 27. Qg7+ Ke8 28. Rxc3 1-0

[Event "Condigne Dutch Open 2018"]
[Site "Dieren"]
[Date "2018.07.31"]
[Round "7"]
[White "Saravanan, V.."]
[Black "Sparenberg, Erik"]
[Result "0-1"]
[ECO "D45"]
[WhiteElo "2326"]
[BlackElo "2173"]
[Annotator "NA"]
[PlyCount "88"]
[EventDate "2018.07.24"]
[EventType "swiss"]
[EventCountry "NED"]
[SourceTitle "playchess.com"]
[Source "ChessBase"]
[SourceQuality "1"]
[TimeControl "40/5400+30:1800+30"]

1. d4 d5 2. c4 c6 3. Nf3 Nf6 4. e3 e6 5. Nc3 Nbd7 6. Qc2 a6 7. Bd3 dxc4 8. Bxc4 b5 9. Be2 Bb7 10. a4 b4 11. Ne4 Rc8 12. O-O c5 13. Nxf6+ Nxf6 14. a5 Be7 15. Qa4+ Qd7 16. dxc5 Rxc5 17. Qxd7+ Nxd7 18. Bd2 Rc2 $11 19. Rfd1 Nc5 20. Nd4 Rxd2 21. Rxd2 e5 22. Nf5 Nb3 23. Nxg7+ Kf8 24. Rd7 Bc8 25. Rad1 Bxd7 26. Rxd7 Kxg7 27. Rxe7 Rc8 28. g3 Nxa5 29. Rxe5 Nc4 30. Re4 Nxb2 31. Rxb4 Rc1+ 32. Kg2 Rc2 33. Kf3 a5 34. Rb7 a4 35. Ra7 Kf6 36. g4 Ke6 37. g5 Kd6 38. Rxf7 Rc7 39. Rf6+ Kc5 40. Ra6 Kb4 41. h4 a3 42. Ke4 Na4 43. Ke5 a2 44. Bd1 a1=Q+ 0-1

[Event "Condigne Dutch Open 2018"]
[Site "Dieren"]
[Date "2018.07.31"]
[Round "7"]
[White "Van Osch, Mees"]
[Black "Evengroen, Henk-Jan"]
[Result "1-0"]
[ECO "B07"]
[WhiteElo "2324"]
[BlackElo "2160"]
[Annotator "NA"]
[PlyCount "63"]
[EventDate "2018.07.24"]
[EventType "swiss"]
[EventCountry "NED"]
[SourceTitle "playchess.com"]
[Source "ChessBase"]
[SourceQuality "1"]
[TimeControl "40/5400+30:1800+30"]

1. d4 Nf6 2. Bf4 g6 3. Nc3 Bg7 4. e4 d6 5. Qd2 O-O 6. O-O-O b5 7. Bxb5 c5 8. dxc5 Qa5 9. cxd6 exd6 10. Bc4 Na6 11. Bh6 Bxh6 12. Qxh6 $18 Qc5 13. Nd5 Nxd5 14. Bxd5 Rb8 15. Nf3 Nb4 16. Rd2 Nxd5 17. exd5 f6 18. Re1 Rb7 19. Nd4 Qa5 20. Kb1 Bg4 21. f3 Bf5 22. b3 Qxd5 23. Ne6 Rxb3+ 24. Ka1 Rb1+ 25. Rxb1 Qxe6 26. Rb7 Qe5+ 27. Kb1 Bd7 28. Qh4 Re8 29. Qd4 Qa5 30. Qb4 Qf5 31. Rxd6 Re2 32. Qc4+ 1-0

[Event "Condigne Dutch Open 2018"]
[Site "Dieren"]
[Date "2018.07.31"]
[Round "7"]
[White "Van Meegen, Ruud"]
[Black "Anurag, Mhamal"]
[Result "0-1"]
[ECO "E92"]
[WhiteElo "2222"]
[BlackElo "2484"]
[Annotator "ChessBase"]
[PlyCount "64"]
[EventDate "2018.07.24"]
[EventType "swiss"]
[EventCountry "NED"]
[SourceTitle "playchess.com"]
[Source "ChessBase"]
[SourceQuality "1"]
[TimeControl "40/5400+30:1800+30"]

1. c4 Nf6 2. Nf3 g6 3. Nc3 Bg7 4. e4 d6 5. d4 O-O 6. Be2 e5 7. d5 a5 8. Bg5 h6 9. Bh4 Na6 10. Nd2 Qe8 11. a3 Bd7 12. b3 Nh7 13. O-O h5 14. f3 Bh6 15. Rb1 Be3+ 16. Kh1 Bc5 17. Qc1 Kg7 18. Na2 f5 19. b4 Be3 20. exf5 g5 21. Be1 Bxf5 22. Rb3 Bd4 23. Nc3 a4 24. Rb2 Qg6 25. Nde4 Bxe4 26. fxe4 Rxf1+ 27. Bxf1 Rf8 28. Bd3 Nf6 29. Rb1 Ng4 30. Nb5 Be3 31. Qd1 Rf2 32. Nc3 Qf6 0-1

[Event "Condigne Dutch Open 2018"]
[Site "Dieren"]
[Date "2018.07.31"]
[Round "7"]
[White "Van Dael, Siem"]
[Black "Pham, Khoi"]
[Result "1-0"]
[ECO "B80"]
[WhiteElo "2212"]
[BlackElo "2037"]
[Annotator "NA"]
[PlyCount "47"]
[EventDate "2018.07.24"]
[EventType "swiss"]
[EventCountry "NED"]
[SourceTitle "playchess.com"]
[Source "ChessBase"]
[SourceQuality "1"]
[TimeControl "40/5400+30:1800+30"]

1. e4 c5 2. Nf3 d6 3. d4 cxd4 4. Nxd4 Nf6 5. Nc3 a6 6. Be3 e6 7. f3 b5 8. Qd2 Nbd7 9. O-O-O Bb7 10. g4 Nb6 11. a3 {[%emt 0:00:05] B80: Sicilian Scheveningen: 6 g3 and 6 Be3, including English Attack} Rc8 12. Kb1 Nfd7 13. Rg1 {[%emt 0:00:07] [#]} d5 $146 ({Predecessor:} 13... h6 14. f4 Be7 15. h4 Nc4 16. Bxc4 Rxc4 {½-½ (26) Zidu,J (2588)-Blass,U (2602) ICCF email 2012}) 14. exd5 Nxd5 15. Nxd5 Bxd5 16. f4 Nc5 17. Bg2 Ne4 (17... Bxg2 $16 18. Qxg2 Qc7) 18. Qd3 Nc5 19. Qe2 Bc4 $18 20. Bc6+ Nd7 21. Qg2 b4 22. Nf5 Rxc6 23. Qxc6 Bb5 24. Nd6+ 1-0

[Event "Condigne Dutch Open 2018"]
[Site "Dieren"]
[Date "2018.07.31"]
[Round "7"]
[White "Krishnater Kushager"]
[Black "De Jong, Migchiel"]
[Result "0-1"]
[ECO "C01"]
[WhiteElo "2209"]
[BlackElo "2339"]
[Annotator "NA"]
[PlyCount "64"]
[EventDate "2018.07.24"]
[EventType "swiss"]
[EventCountry "NED"]
[SourceTitle "playchess.com"]
[Source "ChessBase"]
[SourceQuality "1"]
[TimeControl "40/5400+30:1800+30"]

1. e4 e6 2. d4 d5 3. Bd3 c5 4. exd5 exd5 5. Nf3 c4 {[%emt 0:00:15] C01: Französische Verteidigung (Abtauschvariante)} (5... Nf6 6. O-O c4 7. Re1+ Be7 8. Be2 O-O 9. b3 cxb3 10. axb3 Nc6 11. c3 Re8 12. Nbd2 Bd6 13. Bd3 Bg4 14. Rxe8+ Qxe8 {0-1 (52) Fontaine,R (2563)-Carlsen,M (2834) chess.com INT 2018}) 6. Be2 Bd6 7. b3 cxb3 8. axb3 Ne7 9. O-O Nbc6 10. Ba3 Bg4 11. h3 Bh5 12. c3 O-O 13. Re1 Rc8 $146 14. Nbd2 Bxa3 15. Rxa3 Qd6 16. Ra2 a6 17. Nf1 Na7 18. Qd2 Rc7 19. Ne3 Nb5 20. Bxb5 axb5 21. Ne5 Rfc8 22. c4 dxc4 23. bxc4 f6 $1 24. c5 Qd8 $1 25. N5g4 Rd7 26. Qe2 Bf7 27. Rb2 $11 b4 28. Nc2 (28. Nc4 $11) 28... Nc6 29. Nxb4 Nxd4 30. Qe3 Rxc5 31. Ra1 h5 32. Nh2 Re5 0-1

[Event "Condigne Dutch Open 2018"]
[Site "Dieren"]
[Date "2018.07.31"]
[Round "7"]
[White "Bartakke, Amardeep S"]
[Black "Beukema, Jasper"]
[Result "1-0"]
[ECO "C60"]
[WhiteElo "2066"]
[BlackElo "2299"]
[Annotator "NA"]
[PlyCount "51"]
[EventDate "2018.07.24"]
[EventType "swiss"]
[EventCountry "NED"]
[SourceTitle "playchess.com"]
[Source "ChessBase"]
[SourceQuality "1"]
[TimeControl "40/5400+30:1800+30"]

1. e4 e5 2. Nf3 Nc6 3. Bb5 Nge7 4. Nc3 a6 5. Be2 g6 6. d4 exd4 7. Nd5 Nxd5 8. exd5 Ne7 9. Qxd4 Rg8 10. Bg5 d6 11. O-O-O Qd7 12. Rhe1 b6 13. Bd3 Bb7 {[%emt 0:02:24] [#]} 14. Rxe7+ $1 Bxe7 15. Re1 Kd8 16. Rxe7 Qxe7 17. c4 b5 18. Bxe7+ Kxe7 19. Qh4+ Kf8 20. Qxh7 bxc4 21. Bxc4 Re8 22. Ng5 Re7 23. Qh4 Re5 24. f4 Rf5 25. g4 Rxf4 {[%emt 0:00:25] [#]} 26. Ne6+ $18 1-0

[Event "Condigne Dutch Open 2018"]
[Site "Dieren"]
[Date "2018.08.01"]
[Round "8"]
[White "Reinderman, Dimitri"]
[Black "Van Foreest, Lucas"]
[Result "1/2-1/2"]
[ECO "A14"]
[WhiteElo "2575"]
[BlackElo "2488"]
[Annotator "RC"]
[PlyCount "103"]
[EventDate "2018.07.24"]
[EventType "swiss"]
[EventCountry "NED"]
[SourceTitle "playchess.com"]
[Source "ChessBase"]
[SourceQuality "1"]
[TimeControl "40/5400+30:1800+30"]

1. Nf3 Nf6 2. c4 e6 3. g3 d5 4. Bg2 Be7 5. O-O O-O 6. b3 b6 7. Bb2 c5 8. e3 Nc6 9. Nc3 Ba6 10. Qe2 Qd7 11. Rfd1 Rac8 12. Rac1 Rfd8 13. Nb5 Qe8 14. a4 Bb7 15. Ne5 Nxe5 16. Bxe5 a6 17. Na3 Rd7 18. cxd5 Nxd5 19. Nc4 Qd8 20. Ba1 a5 21. d4 cxd4 22. Bxd4 Ba6 23. Bxd5 Rxd5 24. Qg4 Rg5 25. Qe4 Rd5 26. Nxb6 Rxc1 27. Rxc1 Rd6 28. Qe5 Bf8 29. Qxa5 e5 30. Qxa6 exd4 31. a5 dxe3 32. fxe3 Qg5 33. Qe2 Qxa5 34. Nc4 Qb5 35. Rd1 Re6 36. Qc2 h5 37. Rd4 Be7 38. Qd1 h4 39. Kg2 Ra6 40. gxh4 Ra2+ 41. Rd2 Qb7+ 42. Kg3 Ra6 43. h5 Bf6 44. Kh3 Ra1 45. Rd7 Qe4 46. Qg4 Qc2 47. h6 Qh7 48. Qf4 Qg6 49. Qg4 Qxh6+ 50. Kg2 Ra2+ 51. Rd2 Rxd2+ 52. Nxd2 1/2-1/2

[Event "Condigne Dutch Open 2018"]
[Site "Dieren"]
[Date "2018.08.01"]
[Round "8"]
[White "Beukema, Stefan"]
[Black "Bartakke, Amardeep S."]
[Result "0-1"]
[ECO "B20"]
[WhiteElo "2404"]
[BlackElo "2133"]
[Annotator "NA"]
[PlyCount "94"]
[EventDate "2018.07.24"]
[EventType "swiss"]
[EventCountry "NED"]
[SourceTitle "playchess.com"]
[Source "ChessBase"]
[SourceQuality "1"]
[TimeControl "40/5400+30:1800+30"]

1. f4 c5 2. Nf3 Nc6 3. g3 g6 4. Bg2 Bg7 5. d3 Nf6 6. O-O O-O 7. c3 d6 8. e4 Rb8 9. a4 c4 10. b4 cxd3 11. Qxd3 Ng4 12. Ra2 Qb6+ 13. Kh1 d5 14. a5 Qc7 15. exd5 Bf5 16. Qc4 Bxb1 17. Rb2 Bf5 18. h3 Nf6 19. Nd4 Nxd5 20. Nxf5 gxf5 21. Bxd5 Rbc8 22. Rc2 e6 23. Bf3 Nd4 24. Qxc7 Rxc7 25. Rd2 Nxf3 26. Rxf3 Bxc3 27. Rc2 Rfc8 28. Ba3 Rc4 29. Rd3 Bxb4 30. Rxc4 Rxc4 31. Bb2 Bxa5 32. Rd7 Bc3 33. Ba3 b5 34. Rd8+ Kg7 35. Bf8+ Kf6 36. Re8 b4 37. Be7+ Kg7 38. Bf8+ Kg6 39. Bd6 f6 40. Re7 Rc6 41. Rd7 b3 42. Bf8 Rc8 43. Rg7+ Kh6 44. Rf7+ Rxf8 45. Rxf8 b2 46. Rb8 a5 47. g4 Bb4 0-1

[Event "Condigne Dutch Open 2018"]
[Site "Dieren"]
[Date "2018.08.01"]
[Round "8"]
[White "Miedema, David"]
[Black "Van Dael, Siem"]
[Result "1/2-1/2"]
[ECO "E93"]
[WhiteElo "2370"]
[BlackElo "2212"]
[Annotator "NA"]
[PlyCount "190"]
[EventDate "2018.07.24"]
[EventType "swiss"]
[EventCountry "NED"]
[SourceTitle "playchess.com"]
[Source "ChessBase"]
[SourceQuality "1"]
[TimeControl "40/5400+30:1800+30"]

1. d4 Nf6 2. c4 g6 3. Nc3 Bg7 4. e4 d6 5. Nf3 O-O 6. Be2 e5 7. d5 Nbd7 8. Bg5 h6 9. Be3 Ng4 10. Bc1 f5 11. exf5 gxf5 12. g3 Nc5 13. Nh4 Qf6 14. O-O e4 15. Ng2 Ne5 16. Nf4 Bh8 17. Be3 Bd7 18. Nb5 Bxb5 19. cxb5 Ng6 20. Rc1 Nxf4 21. Bxf4 Qxb2 22. Bxh6 Bg7 23. Be3 b6 24. Rc2 Qf6 25. f4 Kf7 26. g4 Rh8 27. g5 Qg6 28. Rf2 Rh3 29. Qd2 Re8 30. Bf1 Rh4 31. Rg2 Qh5 32. Rg3 Kg6 33. h3 Qh8 34. Kh2 Re7 35. Bf2 e3 36. Rxe3 Ne4 37. Rxe4 Rxe4 38. Bg2 Rhxf4 39. Bg3 Qd8 40. Bxe4 Rxe4 41. Qc1 f4 42. Bf2 Qxg5 43. Qd1 Be5 44. Qf3 Ra4 45. Be1 Qf5 46. Rg2+ Kf7 47. Kg1 Bd4+ 48. Kh1 Bc5 49. Bc3 Rxa2 50. Bb2 Qb1+ 51. Kh2 Bg1+ 52. Rxg1 Rxb2+ 53. Kh1 Qf5 54. Rc1 Rb1 55. Rxb1 Qxb1+ 56. Kg2 Qc2+ 57. Qf2 Qe4+ 58. Qf3 Qg6+ 59. Kf2 Qc2+ 60. Ke1 Qc1+ 61. Kf2 Qd2+ 62. Kf1 Kf6 63. Qe4 Qc1+ 64. Ke2 Qb2+ 65. Kf3 Qc3+ 66. Kxf4 Qxh3 67. Qd4+ Kf7 68. Qf2 Qh5 69. Qa2 Qe5+ 70. Kg4 Qe4+ 71. Kg5 Qe3+ 72. Kg4 Qd4+ 73. Kg5 Qc5 74. Qb3 Qc1+ 75. Kf5 Qa1 76. Qc4 Qe5+ 77. Kg4 Kf6 78. Qf1+ Kg6 79. Qd3+ Kf6 80. Qf1+ Ke7 81. Qc4 Kd8 82. Kf3 Kc8 83. Kg4 Kb8 84. Qd3 Kb7 85. Qc4 Qe3 86. Kf5 Kb8 87. Kf6 Qf2+ 88. Ke7 Kc8 89. Qe4 Kb8 90. Qe6 Qh4+ 91. Kd7 Qh7+ 92. Kc6 Qc2+ 93. Kd7 Qh7+ 94. Kc6 Qh8 95. Qc8+ Kxc8 1/2-1/2

[Event "Condigne Dutch Open 2018"]
[Site "Dieren"]
[Date "2018.08.01"]
[Round "8"]
[White "Buckels, Valentin"]
[Black "Leenhouts, Koen"]
[Result "1/2-1/2"]
[ECO "D02"]
[WhiteElo "2353"]
[BlackElo "2483"]
[Annotator "ChessBase"]
[PlyCount "161"]
[EventDate "2018.07.24"]
[EventType "swiss"]
[EventCountry "NED"]
[SourceTitle "playchess.com"]
[Source "ChessBase"]
[SourceQuality "1"]
[TimeControl "40/5400+30:1800+30"]

1. d4 Nf6 2. Nf3 e6 3. Bf4 d5 4. e3 Bd6 5. Bxd6 Qxd6 6. c4 O-O 7. Nc3 dxc4 8. Bxc4 a6 9. O-O b5 10. Bd3 Bb7 11. Ng5 Nbd7 12. Rc1 Rac8 13. Nce4 Qd5 14. Qf3 Rfd8 15. Nxf6+ Nxf6 16. Qxd5 Bxd5 17. a3 h6 18. Nh3 Be4 19. Bxe4 Nxe4 20. Rc6 a5 21. Rfc1 a4 22. Nf4 e5 23. Ne2 Nd2 24. R1c5 exd4 25. Nxd4 Nb3 26. Rxb5 Rxd4 27. exd4 Nxd4 28. Rbc5 Nxc6 29. Rxc6 Rb8 30. Rc2 Kf8 31. Kf1 Rb7 32. Ke2 Ke7 33. Kd2 Kd6 34. Kc1 Rb5 35. Re2 Rh5 36. h3 Rg5 37. g4 Rc5+ 38. Kd2 f5 39. Re8 Rb5 40. Kc2 Rb3 41. gxf5 Rxh3 42. Rg8 Rf3 43. Rxg7 h5 44. Rg5 h4 45. Rh5 Rxf2+ 46. Kd3 Rf4 47. Ke3 Rc4 48. f6 Ke6 49. Rh6 Rg4 50. Kf3 Rc4 51. Ke3 c5 52. Kf3 Rd4 53. Ke3 Rg4 54. Kf3 Rc4 55. Ke3 Rd4 56. Rh5 Rc4 57. Rh6 Kf7 58. Kf3 Rd4 59. Ke3 Rg4 60. Kf3 Rc4 61. Ke3 Rd4 62. Rh5 Rc4 63. Rh6 Ke6 64. Kf3 Rd4 65. Ke3 Rg4 66. Kf3 Rg3+ 67. Kf2 Rh3 68. Kg2 Rb3 69. Rxh4 Rxb2+ 70. Kf1 Kxf6 71. Rc4 Rb5 72. Rxa4 Ke5 73. Ke2 Kd5 74. Kd3 Rb3+ 75. Kc2 Rh3 76. Rg4 Rxa3 77. Rh4 Rg3 78. Rh5+ Kc4 79. Rh4+ Kb5 80. Rf4 c4 81. Rf8 1/2-1/2

[Event "Condigne Dutch Open 2018"]
[Site "Dieren"]
[Date "2018.08.01"]
[Round "8"]
[White "Anand Nadar"]
[Black "Wiersma, Eelke"]
[Result "1/2-1/2"]
[ECO "E01"]
[WhiteElo "2346"]
[BlackElo "2346"]
[Annotator "NA"]
[PlyCount "36"]
[EventDate "2018.07.24"]
[EventType "swiss"]
[EventCountry "NED"]
[SourceTitle "playchess.com"]
[Source "ChessBase"]
[SourceQuality "1"]
[TimeControl "40/5400+30:1800+30"]

1. d4 Nf6 2. c4 e6 3. g3 c5 4. Nf3 cxd4 5. Nxd4 d5 6. Bg2 e5 7. Nf3 d4 8. O-O Nc6 9. e3 Be7 10. exd4 exd4 11. Bf4 O-O 12. Ne5 Qb6 13. Qb3 Na5 14. Qb5 Be6 15. b3 Qxb5 16. cxb5 a6 17. b6 Nd5 18. Bd2 Bd6 1/2-1/2

[Event "Condigne Dutch Open 2018"]
[Site "Dieren"]
[Date "2018.08.01"]
[Round "8"]
[White "De Jong, Migchiel"]
[Black "Hausrath, Daniel"]
[Result "0-1"]
[ECO "E11"]
[WhiteElo "2339"]
[BlackElo "2495"]
[Annotator "ChessBase"]
[PlyCount "104"]
[EventDate "2018.07.24"]
[EventType "swiss"]
[EventCountry "NED"]
[SourceTitle "playchess.com"]
[Source "ChessBase"]
[SourceQuality "1"]
[TimeControl "40/5400+30:1800+30"]

1. d4 Nf6 2. Nf3 e6 3. c4 Nc6 4. Nc3 Bb4 5. Bd2 Bxc3 6. Bxc3 Ne4 7. Rc1 d6 8. g3 O-O 9. Bg2 Qe7 10. O-O Nxc3 11. Rxc3 e5 12. d5 Nb8 13. Nd2 Bg4 14. Re1 Nd7 15. b4 a5 16. a3 axb4 17. axb4 Ra2 18. h3 Bh5 19. c5 dxc5 20. Ne4 b6 21. bxc5 bxc5 22. Qc1 Rxe2 23. Rxe2 Bxe2 24. Nxc5 Nf6 25. Qb2 Bh5 26. Na6 e4 27. Nxc7 Rd8 28. Qb6 h6 29. Qd4 Rd7 30. Rc6 Rd8 31. d6 Qd7 32. Nd5 Ne8 33. Qe5 Bf3 34. Ne7+ Kh8 35. Bxf3 exf3 36. g4 Nxd6 37. Rc3 Nc4 38. Qe1 Qd1 39. Qxd1 Rxd1+ 40. Kh2 Nd2 41. h4 Kh7 42. Rc2 Ne4 43. Nf5 Rf1 44. Ne3 Re1 45. Nf5 Re2 46. Nd4 Rxf2+ 47. Rxf2 Nxf2 48. g5 Ng4+ 49. Kg3 f2 50. Kg2 hxg5 51. hxg5 Kg6 52. Nf3 Kf5 0-1

[Event "Condigne Dutch Open 2018"]
[Site "Dieren"]
[Date "2018.08.01"]
[Round "8"]
[White "De Boer, Eelke"]
[Black "Viani Antonio Dcunha"]
[Result "1/2-1/2"]
[ECO "B42"]
[WhiteElo "2317"]
[BlackElo "2404"]
[Annotator "NA"]
[PlyCount "84"]
[EventDate "2018.07.24"]
[EventType "swiss"]
[EventCountry "NED"]
[SourceTitle "playchess.com"]
[Source "ChessBase"]
[SourceQuality "1"]
[TimeControl "40/5400+30:1800+30"]

1. e4 c5 2. Nf3 e6 3. d4 cxd4 4. Nxd4 a6 5. Bd3 Bc5 6. Nb3 Be7 7. O-O Qc7 8. Qg4 g6 9. Qe2 d6 10. Na3 Nd7 11. Nc4 Ngf6 12. Bh6 b6 13. a4 Bb7 14. Rae1 Rg8 15. f4 d5 16. exd5 Nxd5 17. Ne5 Nc5 18. Nd4 Nxd3 19. Qxd3 Bc5 20. c3 O-O-O 21. Kh1 Rge8 22. Qc4 f6 23. Nef3 e5 24. fxe5 fxe5 25. Nb3 Bd6 26. Nbd2 Kb8 27. Qxc7+ Bxc7 28. Bg5 Rc8 29. Re2 Nf4 30. Bxf4 exf4 31. Rfe1 Rxe2 32. Rxe2 h6 33. Re6 Rg8 34. Kg1 Bc8 35. Re7 g5 36. Ne4 Bb7 37. Nd4 Bd8 38. Re6 Bd5 39. Re5 Bb7 40. Re6 Bd5 41. Re5 Bb7 42. Re6 h5 1/2-1/2

[Event "Condigne Dutch Open 2018"]
[Site "Dieren"]
[Date "2018.08.01"]
[Round "8"]
[White "Ashwath, R."]
[Black "Melde, Benjamin"]
[Result "1/2-1/2"]
[ECO "E63"]
[WhiteElo "2285"]
[BlackElo "2108"]
[Annotator "NA"]
[PlyCount "113"]
[EventDate "2018.07.24"]
[EventType "swiss"]
[EventCountry "NED"]
[SourceTitle "playchess.com"]
[Source "ChessBase"]
[SourceQuality "1"]
[TimeControl "40/5400+30:1800+30"]

1. d4 Nf6 2. c4 g6 3. Nc3 Bg7 4. g3 O-O 5. Bg2 d6 6. Nf3 Nc6 7. O-O a6 8. h3 Bd7 9. e4 e5 10. dxe5 Nxe5 11. Nxe5 dxe5 12. Bg5 c6 13. Na4 Qa5 14. Be3 Rfe8 15. a3 Qc7 16. Bb6 Qc8 17. Bc5 Qd8 18. Bb6 Qc8 19. Ba5 Rb8 20. Nb6 Qd8 21. Qd2 Be6 22. Qe3 Qe7 23. Rfd1 Rbd8 24. Bc3 Rxd1+ 25. Rxd1 Rd8 26. Rd2 Nd7 27. Bb4 Qe8 28. Na4 a5 29. Bxa5 Ra8 30. b4 Bxc4 31. Kh2 Bf8 32. Rxd7 Rxa5 33. Nb6 Rb5 34. Rxb7 Qd8 35. Qc3 Rxb6 36. Rxb6 Qxb6 37. Qxc4 Qxf2 38. Qxc6 Bh6 39. Qe8+ Kg7 40. Qxe5+ Kg8 41. Qe8+ Kg7 42. Qe5+ Kg8 43. h4 Be3 44. a4 Bd4 45. Qd5 Qg1+ 46. Kh3 Qa1 47. a5 Qc3 48. b5 Bf2 49. Qd6 Qxa5 50. e5 Qb6 51. Bc6 Qe3 52. Qd8+ Kg7 53. Qf6+ Kg8 54. Qd8+ Kg7 55. Qf6+ Kg8 56. Bf3 Qb6 57. Qf4 1/2-1/2